 Dungeon Sprint DCSS version 0.16-a0-3049-g2a447e9 (webtiles) character file.

140 BluebellGnoll the Unseen (level 8, -6/36 HPs)
             Began as a Spriggan Enchanter on Dec 9, 2014.
             Was a High Priest of Vehumet.
             Killed by divine providence
             ... invoked by a deep elf priest
              (17 damage)
             ... in the Dungeon (Sprint VI: "Thunderdome").
             The game lasted 00:13:53 (766 turns).

BluebellGnoll the Unseen (Spriggan Enchanter)        Turns: 766, Time: 00:13:53

Health: -6/36      AC:  3    Str:  4    XL:     8   Next: 45%
Magic:  7/36       EV: 26    Int: 21    God:    Vehumet [*****.]
Gold:   130        SH:  0    Dex: 20    Spells: 6 memorised, 9 levels left

rFire  + . .     SeeInvis +     a - +1 dagger
rCold  . . .     Clarity  +     b - +1 robe
rNeg   . . .     SustAb   .     (shield restricted)
rPois  +         Gourm    .     (helmet restricted)
rElec  .         Spirit   .     (no cloak)
rCorr  .         Warding  .     (gloves unavailable)
rMut   .         NoTele   +     (boots unavailable)
MR     +....                    q - amulet "Pninekk" {Clar -Tele rF+ Int+2}
Stlth  ++++++++..               i - ring of Asytoito {+Rage +Inv rPois Int-3 SInv Curse}
                                o - ring "Chops" {MP+9 Int+3 Dex+4}

@: very quick, somewhat resistant to hostile enchantments, extraordinarily
stealthy
A: unfitting armour, see invisible, herbivore 3, speed 3, slow metabolism 2
a: Renounce Religion, Evoke Berserk Rage, Evoke Invisibility


You were in the Dungeon.
You worshipped Vehumet.
Vehumet was extremely pleased with you.
You were not hungry.

You visited 1 branch You collected 400 gold pieces.
You spent 270 gold pieces at shops.

Inventory:

Hand weapons
 a - a +1 dagger (weapon)
Armour
 b - a +1 robe (worn)
Jewellery
 i - the ring of Asytoito (right hand) {+Rage +Inv rPois Int-3 SInv Curse}
   (You bought it in a shop in the Dungeon)

   [ring of see invisible]

   It affects your intelligence (-3).
   It protects you from poison.
   It enhances your eyesight.
   It lets you turn invisible.
   It lets you go berserk.
   It may recurse itself when equipped.
 o - the ring "Chops" (left hand) {MP+9 Int+3 Dex+4}
   (You bought it in a shop in the Dungeon)

   [ring of magical power]

   It affects your intelligence (+3).
   It affects your dexterity (+4).
   It affects your magic capacity (+9).
 p - the ring "Blouz" {+Rage +Fly Int+3}
   (You bought it in a shop in the Dungeon)

   [ring of flight]

   It affects your intelligence (+3).
   It lets you fly.
   It lets you go berserk.
 q - the amulet "Pninekk" (around neck) {Clar -Tele rF+ Int+2}
   (You bought it in a shop in the Dungeon)

   [amulet of clarity]

   It provides mental clarity.
   It affects your intelligence (+2).
   It protects you from fire.
   It prevents most forms of teleportation.
 r - the ring "Skiugh" {Int+2 Dex+2 Stlth++}
   (You bought it in a shop in the Dungeon)

   [ring of dexterity]

   It affects your intelligence (+2).
   It affects your dexterity (+2).
   It makes you much more stealthy.
 s - the ring of Dikin {Str+3 Int+2 Dex-3}
   (You bought it in a shop in the Dungeon)

   [ring of strength]

   It affects your strength (+3).
   It affects your intelligence (+2).
   It affects your dexterity (-3).
Magical devices
 k - a wand of cold (2)
 l - a wand of fire (4)
Scrolls
 j - 4 scrolls of blinking
 m - 3 scrolls of fog
Potions
 e - a potion of curing
 f - 2 potions of heal wounds
 g - 4 potions of haste
 h - 2 potions of magic
 n - a potion of resistance
Books
 c - a book of Maledictions

   Spells                             Type                      Level
   a - Corona                         Hexes                        1
   b - Sure Blade                     Hexes/Charms                 2
   c - Ensorcelled Hibernation        Hexes/Ice                    2
   d - Confuse                        Hexes                        3
   e - Dazzling Spray                 Conjuration/Hexes            3
   f - Enslavement                    Hexes                        4
Comestibles
 d - a bread ration


   Skills:
 * Level 10.7 Short Blades
 - Level 9.0 Dodging
 + Level 17.1 Stealth
 - Level 8.5 Spellcasting
 - Level 9.1 Hexes


You had 9 spell levels left.
You knew the following spells:

 Your Spells              Type           Power        Failure   Level  Hunger
a - Corona                Hex            #####..      1%          1    None
b - Ensorcelled Hibernat  Hex/Ice        ####..       1%          2    None
c - Confuse               Hex            #####...     1%          3    None
d - Sure Blade            Hex/Chrm       ####......   1%          2    None
e - Dazzling Spray        Conj/Hex       ####....     1%          3    None
f - Enslavement           Hex            #####...     1%          4    ###....


Dungeon Overview and Level Annotations

Branches:
Dungeon (1/1)

Altars:
Cheibriados
Dithmenos
Elyvilon
Fedhas
Gozag
Kikubaaqudgha
Makhleb
Nemelex Xobeh
Okawaru
Qazlal
Ru
Sif Muna
Trog
Vehumet
Xom
Yredelemnul
Zin
The Shining One
Jiyva
Lugonu

Shops:
D *[%??*?*:[((!!!!


Innate Abilities, Weirdness & Mutations

You are tiny and cannot use many weapons and most armour.
You have supernaturally acute eyesight.
You are a herbivore.
You cover ground extremely quickly.
You need consume almost no food.


Message History

The spray of energy hits the deep elf priest.
The deep elf priest is almost dead.
The spray of energy hits the deep elf summoner.
The deep elf summoner is heavily wounded.
The deep elf priest shoots an arrow of flame.
The arrow of flame hits you. The arrow of flame burns you.
The deep elf summoner completely misses you.
Casting: Dazzling Spray
Confirm with . or Enter, or press ? or * to list all spells.
Aiming: Dazzling Spray
Press: ? - help, Shift-Dir - straight line The spray of energy hits the deep elf priest.
The deep elf priest is almost dead.
The spray of energy hits the deep elf summoner.
The deep elf summoner is heavily wounded.
The deep elf summoner is dazzled.
The deep elf summoner barely misses you.
The deep elf priest invokes the aid of its god against you.
Something smites you!
You die...

#_......._# #_......._#
#_....).._# ###...).....###
#⌠)..........⌠#
######.8.........8.####
##∩___......###).....___
###∩........8.# #.8.......
##........@....###.........
#⌠.......)e.###...###......
#⌠..÷.......# #.<.# #......
#⌠.)...e.)..###..)###......
##.............###.........
###∩........8.# #.8.......
##∩.__......###......._.
######.8)........8.####
#⌠...........⌠#


You could see a deep elf summoner (blind) and a deep elf priest.

Vanquished Creatures
  A deep elf summoner (D)
  2 deep elf priests (D)
  A deep elf fighter (D)
  A water moccasin (D)
  A big kobold (D)
  6 orc priests (D)
  2 adders (D)
  A goblin (D)
  2 hobgoblins (D)
  3 ball pythons (D)
  2 kobolds (D)
22 creatures vanquished.

Notes
Turn   | Place    | Note
--------------------------------------------------------------
     0 | D        | BluebellGnoll, the Spriggan Enchanter, began the quest for the Orb.
     0 | D        | Reached XP level 1. HP: 9/9 MP: 4/4
     1 | D        | Found a radiant altar of Vehumet.
     2 | D        | Found an opulent altar of Gozag.
     2 | D        | Found a blossoming altar of Fedhas.
     3 | D        | Found a snail-covered altar of Cheibriados.
     4 | D        | Found Kleireumn's Advanced Armour.
     4 | D        | Found Dayk's Identification Station.
     4 | D        | Found a bloodstained altar of Trog.
     4 | D        | Found Zinnu's Premium Goods.
     8 | D        | Found Khamuisirgh's Jewellery.
     8 | D        | Found a viscous altar of Jiyva.
     9 | D        | Became a worshipper of Vehumet
     9 | D        | Round 1.
    10 | D        | Found a shimmering altar of Xom.
    10 | D        | Found Vobbant's Bee Food.
    17 | D        | Bought a coiled tin ring for 45 gold pieces
    17 | D        | Bought a heavily runed iron ring for 45 gold pieces
    17 | D        | Bought a flickering emerald amulet for 45 gold pieces
    17 | D        | Bought a brightly glowing lead ring for 45 gold pieces
    17 | D        | Identified the amulet "Pninekk" {Clar -Tele rF+ Int+2} (You bought it in a shop in the Dungeon)
    18 | D        | Identified the ring "Chops" {MP+9 Int+3 Dex+4} (You bought it in a shop in the Dungeon)
    19 | D        | Identified the ring "Blouz" {+Rage +Fly Int+3} (You bought it in a shop in the Dungeon)
    21 | D        | Identified the ring "Skiugh" {Int+2 Dex+2 Stlth++} (You bought it in a shop in the Dungeon)
    32 | D        | Found Cri Rood's Miscellaneous Merchandise.
    33 | D        | Found a sacrificial altar of Ru.
    33 | D        | Found a sparkling altar of Nemelex Xobeh.
    33 | D        | Found a burning altar of Makhleb.
    34 | D        | Found Ykeqe's Weapon Rack.
    34 | D        | Found Otimac's Basic Armour.
    38 | D        | Found a shadowy altar of Dithmenos.
    39 | D        | Found Kimnaup's Do-It-Yourself Clinic.
    40 | D        | Found Shiabac's Bottled Wisdom.
    40 | D        | Found a glowing silver altar of Zin.
    41 | D        | Found an iron altar of Okawaru.
    41 | D        | Found a glowing golden altar of the Shining One.
    42 | D        | Found Klutt's Distillery.
    42 | D        | Found Pni Lunt's Distillery.
    44 | D        | Found a stormy altar of Qazlal.
    45 | D        | Found a basalt altar of Yredelemnul.
    46 | D        | Found an ancient bone altar of Kikubaaqudgha.
    47 | D        | Found Pylluoh's Staff Store.
    48 | D        | Found Lynuohos' Must-Have Magic.
    49 | D        | Found a deep blue altar of Sif Muna.
    49 | D        | Found a white marble altar of Elyvilon.
    49 | D        | Found a corrupted altar of Lugonu.
    50 | D        | Found Toastis' Magic Scroll Shop.
    50 | D        | Found Schinu Maikiu's Magic Scroll Shop.
    61 | D        | Noticed a water moccasin
    76 | D        | Killed a water moccasin
    76 | D        | Reached skill level 8 in Spellcasting
    76 | D        | Reached XP level 2. HP: 13/13 MP: 6/15
    76 | D        | Reached XP level 3. HP: 16/16 MP: 6/18
    76 | D        | Reached XP level 4. HP: 20/21 MP: 6/20
    86 | D        | Learned a level 2 spell: Ensorcelled Hibernation
    90 | D        | Learned a level 3 spell: Confuse
    94 | D        | Acquired Vehumet's first power
    94 | D        | Offered knowledge of Shock by Vehumet.
    98 | D        | Learned a level 2 spell: Sure Blade
   109 | D        | Reached skill level 9 in Hexes
   146 | D        | Arena points: 14 (+14) [x2]
   152 | D        | Learned a level 3 spell: Dazzling Spray
   157 | D        | Learned a level 4 spell: Enslavement
   216 | D        | Round 2.
   292 | D        | Noticed a big kobold
   304 | D        | Killed a big kobold
   304 | D        | Acquired Vehumet's second power
   304 | D        | Reached XP level 5. HP: 21/24 MP: 23/23
   324 | D        | Offered knowledge of Freeze by Vehumet.
   393 | D        | Arena points: 56 (+42) [x3]
   407 | D        | Bought a warped steel ring for 45 gold pieces
   407 | D        | Bought an ancient ivory ring for 45 gold pieces
   408 | D        | Identified the ring of Asytoito {+Rage +Inv rPois Int-3 SInv Curse} (You bought it in a shop in the Dungeon)
   410 | D        | Identified the ring of Dikin {Str+3 Int+2 Dex-3} (You bought it in a shop in the Dungeon)
   469 | D        | Round 3.
   491 | D        | Reached skill level 5 in Stealth
   514 | D        | Acquired Vehumet's third power
   514 | D        | Reached XP level 6. HP: 26/28 MP: 24/24
   564 | D        | Reached skill level 5 in Short Blades
   600 | D        | Offered knowledge of Inner Flame by Vehumet.
   600 | D        | Arena points: 140 (+84) [x4]
   600 | D        | Reached skill level 10 in Stealth
   656 | D        | Round 4.
   676 | D        | Noticed a deep elf fighter
   687 | D        | Killed a deep elf fighter
   687 | D        | Reached skill level 11 in Stealth
   703 | D        | Noticed a deep elf summoner
   705 | D        | Noticed a tarantella
   705 | D        | Noticed a demonic crawler
   708 | D        | Noticed a tarantella
   708 | D        | Noticed a redback
   714 | D        | Killed a deep elf summoner
   714 | D        | Reached skill level 15 in Stealth
   714 | D        | Reached XP level 7. HP: 11/32 MP: 19/26
   727 | D        | Noticed a deep elf priest
   731 | D        | HP: 1/32 [deep elf priest/divine providence (11)]
   736 | D        | Killed a deep elf priest
   736 | D        | Reached skill level 10 in Short Blades
   736 | D        | Reached skill level 16 in Stealth
   736 | D        | Reached XP level 8. HP: 32/36 MP: 15/27
   752 | D        | Noticed a deep elf summoner
   752 | D        | Noticed a deep elf priest
   754 | D        | Noticed a deep elf priest
   763 | D        | Killed a deep elf priest
   763 | D        | Reached skill level 17 in Stealth
   766 | D        | Killed from afar by a deep elf priest

Action                   |  1- 3 |  4- 6 |  7- 9 || total
-------------------------+-------+-------+-------++-------
Melee: Dagger            |     9 |    57 |     1 ||    67
 Cast: Corona            |     4 |     7 |       ||    11
       Ensorcelled Hiber |       |     5 |       ||     5
       Confuse           |       |    13 |       ||    13
       Dazzling Spray    |       |     5 |     8 ||    13
       Sure Blade        |       |     1 |       ||     1
Evoke: Wand              |       |       |     4 ||     4
  Use: Potion            |     1 |     1 |     1 ||     3
 Stab: Sleeping          |       |     4 |       ||     4
       Confused          |       |     6 |       ||     6
       Invisible         |       |     2 |     1 ||     3
